 Dungeon Crawl Stone Soup version 0.28.0-53-g5a82cb258f (webtiles) character file.

Game seed: 660349507890551704

2583 pkoi the Stinger (level 9, -6/66 (72) HPs)
             Began as a Demigod Venom Mage on June 6, 2022.
             Mangled by a wight
             ... wielding a +3 short sword
              (7 damage)
             ... on level 8 of the Dungeon.
             The game lasted 00:16:47 (16002 turns).

pkoi the Stinger (Demigod Venom Mage)              Turns: 16002, Time: 00:16:48

HP:   -6/66 (72)    AC:  3    Str:  9    XL:     9   Next: 11%
MP:   9/16          EV: 14    Int: 35    God:
Gold: 416           SH:  0    Dex: 14    Spells: 2/14 levels left

rFire   . . .      SeeInvis .   u - +3 long sword
rCold   . . .      Faith    .   (no shield)
rNeg    . . .      Spirit   .   a - +1 robe
rPois   +          Reflect  .   (no helmet)
rElec   .          Harm     .   (no cloak)
rCorr   .          Rampage  .   (no gloves)
Will    .....                   (no boots)
Stlth   ++........              (no amulet)
HPRegen 0.21/turn               e - ring of poison resistance
MPRegen 0.15/turn               l - +6 ring of intelligence

@: drained
A: high MP 1, forlorn, divine attributes
a: no special abilities


You were on level 8 of the Dungeon.
You visited 1 branch of the dungeon, and saw 8 of its levels.

You collected 416 gold pieces.

Inventory:

Hand Weapons
 b - a +0 hunting sling
 f - a +0 dagger
 i - a +0 long sword
 n - a +0 quarterstaff
 p - a +1 dagger of venom
 u - a +3 long sword (weapon)
Missiles
 c - 212 stones
 j - 8 poisoned darts
 r - a curare-tipped dart
Armour
 a - a +1 robe (worn)
Jewellery
 d - a ring of protection from cold
 e - a ring of poison resistance (left hand)
 l - a +6 ring of intelligence (right hand)
Wands
 h - a wand of acid (1)
 s - a wand of flame (25)
Scrolls
 m - a scroll of magic mapping
 o - 3 scrolls of enchant weapon
 q - 2 scrolls of identify
 v - 2 scrolls of enchant armour
 w - a scroll of fog
 x - a scroll of teleportation {unknown}
Potions
 g - 2 potions of curing
 k - a potion of flight
 t - a potion of heal wounds


   Skills:
 + Level 4.3 Fighting
 + Level 5.0 Dodging
 - Level 1.7 Stealth
 - Level 3.0 Spellcasting
 + Level 3.3 Conjurations
 - Level 3.0 Hexes
 - Level 0.8 Transmutations
 - Level 3.0 Fire Magic
 - Level 3.0 Air Magic
 - Level 6.0 Poison Magic
 - Level 3.0 Evocations


You had 2 spell levels left.
You knew the following spells:

 Your Spells              Type           Power      Damage    Failure   Level
a - Sting                 Tmut/Pois      100%       1d8       1%          1
b - Poisonous Vapours     Pois/Air       72%        N/A       1%          2
c - Mephitic Cloud        Conj/Pois/Air  34%        N/A       2%          3
d - Conjure Flame         Conj/Fire      27%        6-21      4%          3
e - Inner Flame           Hex/Fire       26%        N/A       4%          3

Your spell library contained the following spells:

 Spells                   Type           Power      Damage    Failure   Level
 Foxfire                  Conj/Fire      100%       2x1d9     1%          1
 Static Discharge         Conj/Air       27%        N/A       1%          2
 Corpse Rot               Necr/Air       30%        N/A       4%          2
 Olgreb's Toxic Radiance  Pois           47%        N/A       4%          4
 Flame Wave               Conj/Fire      27%        2d7       14%         4
 Lightning Bolt           Conj/Air       13%        1d27      36%         5
 Dispel Undead            Necr           5%         3d7       45%         4
 Death Channel            Necr           2%         N/A       100%        6
 Maxwell's Capacitive Co  Air            13%        ∞         100%        8


Dungeon Overview and Level Annotations

Branches:
Dungeon (8/15)
 Temple: D:4-7         Lair: D:8-11

Annotations:
D:5 2 transporters, OhItsWolfy's ghost, novice HOFi
D:6 1 runed translucent door, fingers's ghost, amateur HOCA
D:7 Harold


Innate Abilities, Weirdness & Mutations

You have an increased reservoir of magic. (+10% MP)
You shall have no god before yourself.
Your divine heritage dramatically boosts your attributes as you level up.


Message History

Press: ? - help, Q - select action, (/) - cycle Shift-Dir - straight line, f/p - wight
Aim: a wight, wielding a +3 short sword and wearing a +0 robe (lightly damaged, inner flame, 78% to hit)
The sting hits the wight but does no damage.
The wight is lightly damaged.
The wight's inner flame fades away.
Things that are here:
a +0 robe; a +0 short sword
Okay, then.
Unknown command.
You hit the wight.
The wight is lightly damaged.
The wight misses you. The wight closely misses you.
You closely miss the wight.
The wight is lightly damaged.
The wight barely misses you.
You barely miss the wight.
The wight is lightly damaged.
The wight hits you with a +3 short sword!
* * * LOW HITPOINT WARNING * * *
You feel drained.
* * * LOW HITPOINT WARNING * * *
You closely miss the wight.
The wight is lightly damaged.
The wight hits you with a +3 short sword!
* * * LOW HITPOINT WARNING * * *
The wight completely misses you.
You closely miss the wight.
The wight is lightly damaged.
The wight hits you with a +3 short sword!
* * * LOW HITPOINT WARNING * * *
You feel drained.
* * * LOW HITPOINT WARNING * * *
You hit the wight.
The wight is moderately damaged.
The wight hits you with a +3 short sword!
* * * LOW HITPOINT WARNING * * *
You feel drained.
* * * LOW HITPOINT WARNING * * *
The wight hits you with a +3 short sword!
You die...

#.....>.##### #.#
##.....## #.# ##....#
#.# #.....# #.#
#.###.# #.# #.# #.#
#.# #.# #.# #.# #.#
#.# #.# #@# #.# #.#
#z# #.# #.## #.# #.#
#..# #.# #.# ##.#
########.# #.# #.#
#........# #.# #.#
####.##########.# #.#
######.......[.......#
#.#
...........###########
#.#


You could see a wight.

Vanquished Creatures
  A wyvern (D:5)
  Menkaure (D:7)
  A water moccasin (D:7)
  An ice beast (D:8)
  2 orc warriors (D:8)
  2 black bears
  An ogre (D:7)
  A centaur (D:8)
  A bullfrog (D:5)
  2 kobold brigands
  A wyvern zombie (D:7)
  A scorpion (D:6)
  A gnoll sergeant (D:8)
  6 wights
  3 killer bees (D:6)
  A centaur zombie (D:7)
  2 jellies (D:5)
  An orc priest (D:5)
  4 hounds
  A bullfrog skeleton (D:6)
  A centaur skeleton (D:7)
  2 iguanas (D:6)
  7 orc wizards
  A hound skeleton (D:4)
  A howler monkey zombie (D:6)
  5 gnolls (D:8)
  A howler monkey skeleton (D:4)
  6 adders
  A shadow imp (D:6)
  A white imp (D:6)
  3 ufetubi (D:6)
  An adder skeleton (D:4)
  A worm (D:3)
  5 dart slugs
  19 orcs
  5 ball pythons
  8 bats
  10 endoplasms
  3 giant cockroaches
  6 goblins
  12 hobgoblins
  8 jackals
  4 quokkas
  5 frilled lizards
  2 kobolds
  4 rats (D:1)
156 creatures vanquished.

Vanquished Creatures (others)
  6 plants (D:5)
6 creatures vanquished.

Grand Total: 162 creatures vanquished

Notes
Turn   | Place    | Note
-------+----------+-------------------------------------------
     0 | D:1      | pkoi the Demigod Venom Mage began the quest for the Orb.
     0 | D:1      | Reached XP level 1. HP: 14/14 MP: 5/5
   278 | D:1      | Reached skill level 3 in Poison Magic
   682 | D:1      | Reached XP level 2. HP: 20/20 MP: 5/7
  1273 | D:1      | Reached XP level 3. HP: 21/26 MP: 3/8
  1328 | D:1      | Learned a level 2 spell: Poisonous Vapours
  1463 | D:1      | Reached skill level 4 in Poison Magic
  3360 | D:2      | Reached skill level 1 in Air Magic
  3875 | D:2      | Reached XP level 4. HP: 17/33 MP: 3/9
  5405 | D:4      | Learned a level 3 spell: Mephitic Cloud
  5770 | D:4      | Noticed a kobold brigand
  5784 | D:4      | Killed a kobold brigand
  5785 | D:4      | Reached XP level 5. HP: 38/38 MP: 2/11
  6080 | D:4      | You fall into a shaft and drop 1 floor!
  6080 | D:5      | Entered Level 5 of the Dungeon
  6098 | D:5      | Reached skill level 1 in Evocations
  6959 | D:4      | Reached XP level 6. HP: 44/45 MP: 8/13
  8166 | D:5      | Reached skill level 5 in Poison Magic
  8335 | D:5      | Noticed a wyvern
  8342 | D:5      | Killed a wyvern
  8491 | D:5      | Identified the +3 ring mail "Urax" {Dex+4 Stlth+}
  8694 | D:5      | Reached XP level 7. HP: 33/51 MP: 6/14
  8961 | D:5      | Reached skill level 1 in Fighting
  9152 | D:5      | Found a transporter.
  9195 | D:5      | Noticed OhItsWolfy's ghost (novice HOFi)
  9201 | D:5      | Found a transporter.
  9643 | D:5      | Learned a level 3 spell: Conjure Flame
  9647 | D:5      | Learned a level 3 spell: Inner Flame
 10312 | D:6      | Reached skill level 6 in Poison Magic
 11305 | D:5      | Reached XP level 8. HP: 35/61 MP: 13/15
 11309 | D:5      | Reached skill level 1 in Conjurations
 11309 | D:5      | Reached skill level 1 in Fire Magic
 11455 | D:5      | Reached skill level 1 in Hexes
 11938 | D:7      | Noticed Menkaure
 12181 | D:6      | Found a runed translucent door.
 12184 | D:6      | Noticed fingers's ghost (amateur HOCA)
 13410 | D:7      | Killed Menkaure
 13956 | D:7      | Noticed Harold
 14847 | D:8      | Reached XP level 9. HP: 68/71 MP: 4/16
 15936 | D:8      | Reached skill level 5 in Dodging
 16002 | D:8      | HP: 3/68 [wight/+3 short sword (10)]
 16002 | D:8      | HP: 1/66 [wight/+3 short sword (2)]
 16002 | D:8      | Mangled by a wight

Illustrated notes

Levels and vault maps discovered:
D:1:      onia_arrival_handbag, layout_basic
D:2:      layout_basic, ebering_ecumenical_altar_box
D:3:      layout_rooms, small_statue_intersection, eino_tiny_chamber
D:4:      layout_basic, mainiacjoe_overflow_surrounded_room
D:5:      layout_loops_ring, gammafunk_ghost_gnarly_gnolls
D:6:      minmay_inner_zag, layout_basic, ebering_ghost_reflecting_pool,
          kennysheep_flooded_box
D:7:      layout_basic, temple_doors_e, uniq_menkaure, uniq_maggie, uniq_harold
D:8:      layout_loops_ring, nicolae_underground_beach

Skill      XL: |  1  2  3  4  5  6  7  8  9 |
---------------+----------------------------+-----
Poison Magic   | 3 4 5 6 |  6.0
Air Magic      | 1 2 3 |  3.0
Spellcasting   | 2 3 |  3.0
Evocations     | 1 3 |  3.0
Dodging        | 2 3 4 5 |  5.0
Fighting       | 2 4 |  4.3
Conjurations   | 3 |  3.3
Fire Magic     | 3 |  3.0
Hexes          | 2 3 |  3.0
Stealth        | |  1.7
Transmutations | |  0.8

Action                   |  1- 3 |  4- 6 |  7- 9 || total
-------------------------+-------+-------+-------++-------
Melee: Unarmed           |     9 |       |       ||     9
       Dagger            |    13 |    40 |     9 ||    62
       Long sword        |       |     7 |    40 ||    47
       Quarterstaff      |       |     4 |    39 ||    43
Throw: Stone             |       |       |     6 ||     6
 Cast: Sting             |    89 |   116 |   145 ||   350
       Poisonous Vapours |    21 |    16 |     8 ||    45
       Conjure Flame     |       |       |     4 ||     4
       Inner Flame       |       |       |    14 ||    14
       Mephitic Cloud    |       |       |     1 ||     1
Evoke: Wand              |       |       |     5 ||     5
  Use: Potion            |     2 |     1 |     2 ||     5
       Scroll            |       |     2 |     7 ||     9
Armor: Robe              |     8 |    22 |    38 ||    68
Dodge: Dodged            |    31 |    86 |   173 ||   290
